 Dungeon Crawl Stone Soup version 0.21.1-1-g345015f (webtiles) character file.

959 manyhoops the Ducker (level 8, -12/63 HPs)
             Began as a Gnoll Wanderer on Apr 17, 2018.
             Mangled by an orc warrior
             ... wielding a +0 long sword
              (15 damage)
             ... on level 8 of the Dungeon.
             The game lasted 00:07:18 (3571 turns).

manyhoops the Ducker (Gnoll Wanderer)               Turns: 3571, Time: 00:07:18

Health: -12/63     AC:  4    Str: 15    XL:     8   Next: 14%
Magic:  13/21      EV: 14    Int: 17    God:
Gold:   236        SH:  0    Dex: 14    Spells: 10/12 levels left

rFire    . . .     SeeInvis .   l - +2 war axe (chop)
rCold    . . .     Gourm    .   (no shield)
rNeg     . . .     Faith    .   k - +1 leather armour
rPois    .         Spirit   .   (no helmet)
rElec    .         Reflect  .   (no cloak)
rCorr    .         Harm     .   (no gloves)
MR       .....                  (no boots)
Stlth    +++.......             (no amulet)
HPRegen  0.20/turn              o - ring of magical power
MPRegen  0.17/turn              (no ring)

@: very slightly contaminated
A: distributed training, fangs 1, strong nose
a: no special abilities


You were on level 8 of the Dungeon.
You were very hungry.

You visited 1 branch of the dungeon, and saw 6 of its levels.

You collected 236 gold pieces.

Inventory:

Hand Weapons
 a - a +2 falchion
 l - a +2 war axe of chopping (weapon)
Missiles
 s - 27 arrows
Armour
 d - a +0 robe
 k - a +1 leather armour (worn)
Jewellery
 o - a ring of magical power (left hand)
Wands
 p - a wand of flame (18)
Scrolls
 h - 2 scrolls of magic mapping
 i - 2 scrolls of amnesia
 j - 2 scrolls of enchant armour
 n - 3 scrolls of remove curse
 q - a scroll of immolation
Potions
 g - 2 potions of brilliance
 m - a potion of cancellation
Books
 e - a book of Misfortune

   Spells                             Type                      Level
   a - Confusing Touch                Hexes                        1
   b - Confuse                        Hexes                        3
   c - Gell's Gravitas                Translocation                3
   d - Petrify                        Transmutation/Earth          4
   e - Metabolic Englaciation         Hexes/Ice                    5
   f - Yara's Violent Unravelling     Hexes/Transmutation          5
 r - a book of Changes

   Spells                             Type                      Level
   a - Beastly Appendage              Transmutation                1
   b - Sticks to Snakes               Transmutation                2
   c - Spider Form                    Transmutation/Poison         3
   d - Ice Form                       Ice/Transmutation            4
   e - Blade Hands                    Transmutation                5
 t - a book of Maledictions

   Spells                             Type                      Level
   a - Corona                         Hexes                        1
   b - Ensorcelled Hibernation        Hexes/Ice                    2
   c - Confuse                        Hexes                        3
   d - Tukima's Dance                 Hexes                        3
   e - Dazzling Spray                 Conjuration/Hexes            3
Comestibles
 f - 9 rations


   Skills:
 + Level 5.5 Fighting
 + Level 2.9 Short Blades
 + Level 5.5 Long Blades
 + Level 2.9 Axes
 + Level 2.9 Maces & Flails
 + Level 2.9 Polearms
 + Level 2.9 Staves
 + Level 2.9 Slings
 + Level 2.9 Bows
 + Level 2.9 Crossbows
 + Level 4.0 Throwing
 + Level 2.9 Armour
 + Level 5.5 Dodging
 + Level 5.1 Stealth
 + Level 4.0 Shields
 + Level 2.9 Unarmed Combat
 + Level 2.9 Spellcasting
 + Level 2.3 Conjurations
 + Level 2.3 Hexes
 + Level 2.3 Charms
 + Level 2.3 Summonings
 + Level 2.3 Necromancy
 + Level 2.3 Translocations
 + Level 2.3 Transmutations
 + Level 2.3 Fire Magic
 + Level 2.3 Ice Magic
 + Level 2.3 Air Magic
 + Level 2.3 Earth Magic
 + Level 2.3 Poison Magic
 + Level 3.2 Invocations
 + Level 2.9 Evocations


You had 10 spell levels left.
You knew the following spells:

 Your Spells              Type           Power        Failure   Level  Hunger
a - Sticks to Snakes      Tmut           ##......     12%         2    ##.....


Dungeon Overview and Level Annotations

Branches:
Dungeon (5/15)               Lair (0/6) D:8
 Temple: D:4-7

Altars:
Kikubaaqudgha
Nemelex Xobeh
Zin

Annotations:
D:8 Joseph


Innate Abilities, Weirdness & Mutations

Your experience applies equally to all skills.
You have very sharp teeth.
Your uncanny sense of smell can sniff out nearby items.


Message History

Joseph hits the fungus with an uncursed quarterstaff!
The fungus is destroyed!
The phantom hits the fungus.
The phantom blinks!
Something hits the fungus.
The orc hits the fungus with a whip.
The jelly hits the fungus.
The fungus is destroyed!
Joseph hits the fungus with an uncursed quarterstaff.
Your ball python barely misses the orc warrior. x2
The centaur hits the fungus!
Something hits the fungus!
The centaur wields an uncursed shortbow.
The centaur shoots an arrow.
The arrow hits your ball python but does no damage.
The jackal bites the plant but does no damage.
Something hits the fungus!
The centaur shoots an arrow.
The arrow hits your ball python!
Your ball python dies!
The jackal bites the fungus.
The jackal bites the fungus.
Joseph hits the fungus with an uncursed quarterstaff!
The orc warrior hits you with a long sword!
You die...

#PP.P.PP..P###.#
........?P†P)..##%##
##..PP.P.h)[..P#....
# ##P...PPP..(.....#
..
.......####..P.P.#
#.##..P..#.>#.[PP..#
........#.(#..J..##
#....P#'##JP.PP#
#..@PPP.PPo(P.P#
##.oPP..hPoP.P##
#....PPPP@P...#
##....c(.P...##
##.#P.P.P.### ∆
##.###.### #. ..# ..
#### #.##


You could see Joseph, an orc warrior, a centaur, a jelly, 2 orcs and a jackal.

Vanquished Creatures
  2 porcupines (D:8)
  An ogre (D:5)
  A centaur (D:8)
  3 bullfrogs
  2 vampire bats (D:2)
  2 hounds (D:4)
  A worker ant (D:4)
  An iguana (D:5)
  A hound skeleton (D:4)
  3 gnolls (D:3)
  7 adders
  2 oozes
  2 worms (D:2)
  3 dart slugs
  A leopard gecko (D:1)
  9 orcs
  3 bat skeletons (D:2)
  2 bat zombies (D:2)
  7 giant cockroaches
  9 goblins
  9 hobgoblins
  2 jackals (D:8)
  6 kobolds
  2 ball pythons
  A ball python skeleton (D:4)
  9 bats
  5 frilled lizards
  A jackal skeleton (D:4)
  9 rats
  3 fungi (D:8)
109 creatures vanquished.

Vanquished Creatures (collateral kills)
  2 orcs (D:8)
2 creatures vanquished.

Vanquished Creatures (others)
  3 fungi (D:8)
3 creatures vanquished.

Grand Total: 114 creatures vanquished

Notes
Turn   | Place    | Note
-------+----------+-------------------------------------------
     0 | D:1      | manyhoops the Gnoll Wanderer began the quest for the Orb.
     0 | D:1      | manyhoops set off with: a +2 falchion, a potion of curing, a potion of lignification, a +0 robe, a +0 dagger, a ration
     0 | D:1      | Reached XP level 1. HP: 20/20 MP: 1/1
   105 | D:1      | Reached XP level 2. HP: 23/26 MP: 2/2
   339 | D:1      | Reached XP level 3. HP: 18/31 MP: 3/3
   428 | D:1      | Found a sparkling altar of Nemelex Xobeh.
   626 | D:1      | You fall through a shaft!
   637 | D:2      | Found an ancient bone altar of Kikubaaqudgha.
   651 | D:2      | Reached skill level 1 in Short Blades
   651 | D:2      | Reached skill level 1 in Axes
   651 | D:2      | Reached skill level 1 in Maces & Flails
   651 | D:2      | Reached skill level 1 in Polearms
   651 | D:2      | Reached skill level 1 in Staves
   651 | D:2      | Reached skill level 1 in Slings
   651 | D:2      | Reached skill level 1 in Bows
   651 | D:2      | Reached skill level 1 in Crossbows
   651 | D:2      | Reached skill level 1 in Armour
   651 | D:2      | Reached skill level 1 in Unarmed Combat
   651 | D:2      | Reached skill level 1 in Spellcasting
   651 | D:2      | Reached skill level 1 in Invocations
   651 | D:2      | Reached skill level 1 in Evocations
   651 | D:2      | Reached XP level 4. HP: 21/38 MP: 3/5
   657 | D:2      | Reached skill level 1 in Conjurations
   657 | D:2      | Reached skill level 1 in Hexes
   657 | D:2      | Reached skill level 1 in Charms
   657 | D:2      | Reached skill level 1 in Summonings
   657 | D:2      | Reached skill level 1 in Necromancy
   657 | D:2      | Reached skill level 1 in Translocations
   657 | D:2      | Reached skill level 1 in Transmutations
   657 | D:2      | Reached skill level 1 in Fire Magic
   657 | D:2      | Reached skill level 1 in Ice Magic
   657 | D:2      | Reached skill level 1 in Air Magic
   657 | D:2      | Reached skill level 1 in Earth Magic
   657 | D:2      | Reached skill level 1 in Poison Magic
  1052 | D:2      | Reached XP level 5. HP: 43/43 MP: 6/6
  1979 | D:3      | Reached XP level 6. HP: 34/50 MP: 8/8
  2319 | D:3      | Reached skill level 5 in Fighting
  2319 | D:3      | Reached skill level 5 in Long Blades
  2319 | D:3      | Reached skill level 5 in Dodging
  3091 | D:4      | Reached XP level 7. HP: 37/56 MP: 10/10
  3103 | D:4      | Learned a level 2 spell: Sticks to Snakes
  3242 | D:4      | Found a glowing silver altar of Zin.
  3418 | D:5      | Entered Level 5 of the Dungeon
  3504 | D:5      | You fall through a shaft for 3 floors!
  3520 | D:8      | Reached skill level 5 in Stealth
  3524 | D:8      | Reached XP level 8. HP: 27/63 MP: 12/12
  3539 | D:8      | Noticed Joseph
  3557 | D:8      | HP: 1/63 [centaur/arrow (4)]
  3561 | D:8      | Found a staircase to the Lair.
  3571 | D:8      | Mangled by an orc warrior

Skill      XL: |  1  2  3  4  5  6  7  8 |
---------------+-------------------------+-----
Short Blades   | 1 2 |  2.9
Axes           | 1 2 |  2.9
Maces & Flails | 1 2 |  2.9
Polearms       | 1 2 |  2.9
Staves         | 1 2 |  2.9
Slings         | 1 2 |  2.9
Bows           | 1 2 |  2.9
Crossbows      | 1 2 |  2.9
Armour         | 1 2 |  2.9
Unarmed Combat | 1 2 |  2.9
Spellcasting   | 1 2 |  2.9
Invocations    | 1 2 3 |  3.2
Evocations     | 1 2 |  2.9
Conjurations   | 1 2 |  2.3
Hexes          | 1 2 |  2.3
Charms         | 1 2 |  2.3
Summonings     | 1 2 |  2.3
Necromancy     | 1 2 |  2.3
Translocations | 1 2 |  2.3
Transmutations | 1 2 |  2.3
Fire Magic     | 1 2 |  2.3
Ice Magic      | 1 2 |  2.3
Air Magic      | 1 2 |  2.3
Earth Magic    | 1 2 |  2.3
Poison Magic   | 1 2 |  2.3
Throwing       | 3 4 |  4.0
Shields        | 3 4 |  4.0
Fighting       | 5 |  5.5
Long Blades    | 5 |  5.5
Dodging        | 5 |  5.5
Stealth        | 5 |  5.1

Action                   |  1- 3 |  4- 6 |  7- 9 || total
-------------------------+-------+-------+-------++-------
Melee: Falchion          |    55 |   166 |       ||   221
       Bite              |     8 |    22 |     2 ||    32
       Punch             |       |     1 |     4 ||     5
       War axe           |       |    30 |    36 ||    66
 Cast: Sticks to Snakes  |       |       |     7 ||     7
  Use: Scroll            |       |     7 |       ||     7
       Potion            |       |       |     4 ||     4
 Stab: Sleeping          |     6 |    14 |       ||    20
  Eat: Chunk             |       |     7 |     1 ||     8
Armor: Robe              |    19 |     5 |       ||    24
       Leather armour    |       |    48 |       ||    48
       Skin              |       |       |    40 ||    40
Dodge: Dodged            |    59 |   144 |    35 ||   238
       Rpst.: Falchion   |    18 |    44 |       ||    62
